 Dungeon Crawl Stone Soup version 0.22-a0-422-g9628fc8 (webtiles) character file.

894 iamserjio the Magician (level 7, -2/46 HPs)
             Began as a Mummy Earth Elementalist on May 16, 2018.
             Was an Initiate of Gozag.
             Shot with an arrow by a centaur (9 damage)
             ... on level 6 of the Dungeon.
             The game lasted 00:19:12 (8708 turns).

iamserjio the Magician (Mummy Earth Elementalist)   Turns: 8708, Time: 00:19:12

Health: -2/46      AC:  3    Str: 12    XL:     7   Next: 78%
Magic:  16/16      EV: 12    Int: 16    God:    Gozag
Gold:   603        SH:  4    Dex: 12    Spells: 10/19 levels left

rFire    x . .     SeeInvis .   e - +3 dagger (venom)
rCold    + . .     Gourm    .   (no shield)
rNeg     + + +     Faith    .   c - +0 robe
rPois    ∞         Spirit   .   a - +0 helmet
rElec    .         Reflect  +   (no cloak)
rCorr    .         Harm     .   (no gloves)
MR       .....                  (no boots)
Stlth    ++++......             p - +4 amulet of reflection
HPRegen  0.15/turn              i - ring of stealth
MPRegen  0.15/turn              s - ring of stealth

@: about to teleport
A: no food or potions, fire vulnerability, cold resistance 1, negative energy
resistance 3, torment resistance, unbreathing
a: Potion Petition, Call Merchant, Bribe Branch, Renounce Religion


You were on level 6 of the Dungeon.
You worshipped Gozag.
Gozag was pleased with you.
You were not hungry.

You visited 1 branch of the dungeon, and saw 6 of its levels.

You collected 649 gold pieces.
You paid 46 gold pieces to Gozag.

Inventory:

Hand Weapons
 e - a +3 dagger of venom (weapon)
 o - a cursed -2 short sword
 r - a +0 short sword
Missiles
 b - 96 stones (quivered)
Armour
 a - a +0 helmet (worn)
 c - a +0 robe (worn)
 w - +0 fire dragon scales
Magical Staves
 v - an uncursed staff of wizardry
Jewellery
 f - an uncursed ring of resist corrosion {unknown}
 g - a +2 ring of dexterity {unknown}
 i - a ring of stealth (left hand)
 p - a +4 amulet of reflection (around neck)
 q - an uncursed ring of protection from fire
 s - a ring of stealth (right hand)
Scrolls
 d - a scroll of blinking {unknown}
 h - 2 scrolls of enchant armour
 j - 3 scrolls of amnesia
 k - 3 scrolls of teleportation
 l - a scroll of fear {unknown}
 m - a scroll of remove curse
 n - 2 scrolls of enchant weapon
 t - a scroll of fog {unknown}
 u - 2 scrolls of identify


   Skills:
 - Level 1.5 Dodging
 - Level 1.5 Stealth
 + Level 6.6 Spellcasting
   Level 0.7 Transmutations
 * Level 6.6 Earth Magic


You had 10 spell levels left.
You knew the following spells:

 Your Spells              Type           Power        Failure   Level  Hunger
a - Sandblast             Erth           ####..       1%          1    N/A
b - Stone Arrow           Conj/Erth      ###...       10%         3    N/A
c - Lee's Rapid Deconstr  Erth           ####......   24%         5    N/A

Your spell library contained the following spells:

 Spells                   Type           Power        Failure   Level  Hunger
 Passwall                 Tmut/Erth      ###.......   4%          2    N/A
 Petrify                  Tmut/Erth      ###.....     28%         4    N/A

Dungeon Overview and Level Annotations

Branches:
Dungeon (6/15)
 Temple: D:4-7

Altars:
Gozag
Nemelex Xobeh
Okawaru
Ru

Annotations:
D:5 Borgoz's ghost, novice GrAK


Innate Abilities, Weirdness & Mutations

You do not eat or drink.
Your flesh is vulnerable to fire.
You are immune to poison.
Your flesh is cold resistant. (rC+)
You are immune to negative energy. (rN+++)
You are immune to unholy pain and torment.
You can survive without breathing.


Message History

A hound comes into view.
A centaur comes into view.
A hound comes into view.
A gnoll comes into view. x2; A kobold comes into view.
A gnoll comes into view. It is wielding a spear.
A kobold comes into view. It is wielding a short sword.
The gnoll shouts!
The centaur shouts!
Found a scroll of identify and 63 gold pieces.
As you read the scroll of teleportation, it crumbles to dust.
You feel strangely unstable.
The hound barks!
You hear a bark!
The gnoll shouts!
The gnoll hits you with a spear.
* * * LOW HITPOINT WARNING * * *
The kobold shouts!
You hear a bark!
The hound barks!
You hear a shout!
Okay, then.
As you read the scroll labeled EBROZX OZEJ, it crumbles to dust.
It is a scroll of enchant weapon.
Your +2 dagger of venom glows red for a moment.
The kobold shouts!
You hear a shout!
The centaur wields a shortbow.
The centaur shoots an arrow.
The arrow hits you!
You die...
Your body crumbles into a pile of gold.

$ $#.$..#
#gK$.# P
#h.$.# P♣
#.K..#PPP
$+gO$.#...
+ch..#...
#....#
#@g..#
#?...#
###### $ $
$


You could see an ogre, a centaur, 2 hounds, 3 gnolls and 2 kobolds.

Vanquished Creatures
  Edmund (D:4)
  An ogre (D:4)
  2 howler monkeys (D:5)
  A crimson imp (D:4)
  A hound (D:5)
  2 orc priests
  5 orc wizards
  Jessica (D:2)
  An iguana (D:5)
  Natasha (D:2)
  3 worker ants
  A hound skeleton (D:5)
  A worker ant zombie (D:5)
  Robin (D:1)
  4 adders
  An ooze (D:3)
  A worm (D:3)
  A dart slug (D:3)
  6 leopard geckos
  15 orcs
  5 giant cockroaches
  11 goblins
  10 hobgoblins
  18 jackals
  7 kobolds
  A quokka (D:2)
  A ball python (D:4)
  6 bats
  6 frilled lizards
  A jackal skeleton (D:4)
  7 rats
123 creatures vanquished.

Notes
Turn   | Place    | Note
-------+----------+-------------------------------------------
     0 | D:1      | iamserjio the Mummy Earth Elementalist began the quest for the Orb.
     0 | D:1      | Reached XP level 1. HP: 13/13 MP: 4/4
   296 | D:1      | Reached XP level 2. HP: 15/19 MP: 4/6
  1393 | D:2      | Reached XP level 3. HP: 24/24 MP: 3/7
  1504 | D:2      | Noticed Robin
  2721 | D:2      | Learned a level 3 spell: Stone Arrow
  3249 | D:2      | Noticed Jessica
  3252 | D:2      | Killed Jessica
  3252 | D:2      | Reached XP level 4. HP: 30/30 MP: 7/9
  3277 | D:2      | Noticed Natasha
  3296 | D:2      | Killed Natasha
  4034 | D:4      | Found an opulent altar of Gozag.
  4036 | D:4      | Found an iron altar of Okawaru.
  4040 | D:4      | Became a worshipper of Gozag Ym Sagoz the Greedy
  4247 | D:3      | Reached XP level 5. HP: 35/35 MP: 3/11
  5296 | D:1      | Killed Robin
  5898 | D:4      | Reached XP level 6. HP: 38/41 MP: 4/13
  5986 | D:4      | Reached skill level 5 in Spellcasting
  5989 | D:4      | Reached skill level 5 in Earth Magic
  5990 | D:4      | Noticed Edmund
  6344 | D:4      | Found a sparkling altar of Nemelex Xobeh.
  6656 | D:4      | Killed Edmund
  6656 | D:4      | Reached XP level 7. HP: 35/46 MP: 9/15
  6851 | D:4      | Found a sacrificial altar of Ru.
  7005 | D:5      | Entered Level 5 of the Dungeon
  7149 | D:5      | Learned a level 5 spell: Lee's Rapid Deconstruction
  7174 | D:5      | Noticed Borgoz's ghost (novice GrAK)
  8708 | D:6      | Shot with an arrow by a centaur

Vault maps used:
D:1:      dpeg_arrival_windows_large_door
D:2:      uniq_natasha, uniq_jessica, uniq_robin
D:4:      minitemple, nemelex_xobeh_ov_fountains_minmay, minmay_misc_feat_roman,
          nicolae_ru_great_annihilating_truth, uniq_edmund
D:5:      first_ration, minmay_tree_intersection, nicolae_sextant
D:6:      kennysheep_housing_project, lightli_ossuary_entry_decrepit_ruins

Skill      XL: |  1  2  3  4  5  6  7 |
---------------+----------------------+-----
Spellcasting   | 3 4 5 6 |  6.6
Earth Magic    | 3 4 5 6 |  6.6
Dodging        | |  1.5
Stealth        | |  1.5
Transmutations | |  0.7

Action                   |  1- 3 |  4- 6 |  7- 9 || total
-------------------------+-------+-------+-------++-------
Melee: Dagger            |    60 |    34 |    76 ||   170
       Short sword       |       |    87 |       ||    87
 Cast: Sandblast         |    80 |    79 |     2 ||   161
       Stone Arrow       |       |    24 |    19 ||    43
       Lee's Rapid Decon |       |       |     8 ||     8
Invok: Potion Petition   |       |     1 |       ||     1
  Use: Scroll            |       |     6 |     3 ||     9
 Stab: Sleeping          |     2 |     1 |     4 ||     7
Armor: Robe              |    22 |    17 |     9 ||    48
Dodge: Dodged            |    83 |    75 |    48 ||   206
Block: Other             |       |    21 |    12 ||    33

Table legend:
 A = Spawn XP
 B = Non-spawn XP
 C = Spawn XP percentage of total XP
 D = Spawn monster count
 E = Non-spawn monster count
 F = Spawn count percentage of total count
 G = Total turns spent on level
                    A         B        C        D         E        F      G
               +---------+---------+-------+---------+---------+-------+---------
         Total |       0 |    1278 |   0.0 |       0 |     123 |   0.0 |  8708
               +---------+---------+-------+---------+---------+-------+---------
           D:1 |       0 |      44 |   0.0 |       0 |      17 |   0.0 |  2391
           D:2 |       0 |     124 |   0.0 |       0 |      25 |   0.0 |  1715
           D:3 |       0 |     142 |   0.0 |       0 |      29 |   0.0 |  1464
           D:4 |       0 |     683 |   0.0 |       0 |      35 |   0.0 |  2092
           D:5 |       0 |     285 |   0.0 |       0 |      17 |   0.0 |  1039
               +---------+---------+-------+---------+---------+-------+---------
